 Dungeon Crawl Stone Soup version 0.29-a0-334-gb41bcbb86e (webtiles) character file.

Game seed: 11118315482600043191

79 zishaf the Grasshopper (level 4, 0/35 HPs)
             Began as a Human Warper on Apr 14, 2022.
             Succumbed to a scorpion's poison
             ... on level 2 of the Dungeon.
             The game lasted 00:02:02 (1516 turns).

zishaf the Grasshopper (Human Warper)               Turns: 1516, Time: 00:02:02

Health: 0/35       AC:  3    Str: 14    XL:     4   Next: 62%
Magic:  7/7        EV: 11    Int: 13    God:
Gold:   38         SH:  5    Dex: 12    Spells: 7/7 levels left

rFire   . . .      SeeInvis .   g - +0 dagger (elec)
rCold   . . .      Faith    .   (no shield)
rNeg    . . .      Spirit   .   b - +0 leather armour
rPois   .          Reflect  +   (no helmet)
rElec   .          Harm     .   (no cloak)
rCorr   .          Rampage  .   (no gloves)
Will    .....                   (no boots)
Stlth   +.........              n - amulet of reflection
HPRegen 0.11/turn               (no ring)
MPRegen 0.10/turn               (no ring)

@: lethally poisoned (0 -> -1), flying
A: no striking features
a: no special abilities


You were on level 2 of the Dungeon.
You visited 1 branch of the dungeon, and saw 2 of its levels.

You collected 38 gold pieces.

Inventory:

Hand Weapons
 a - a +0 hand axe
 g - a +0 dagger of electrocution (weapon)
Missiles
 d - 7 boomerangs of dispersal (quivered)
Armour
 b - a +0 leather armour (worn)
Jewellery
 n - an amulet of reflection (around neck)
Scrolls
 c - a scroll of blinking
 f - a scroll of teleportation {unknown}
 j - a scroll of torment {unknown}
 k - 2 scrolls of identify {unknown}
 m - a scroll of immolation {unknown}
Potions
 e - a potion of curing {unknown}
 h - a potion of invisibility {unknown}
 i - a potion of flight
 l - a potion of resistance {unknown}


   Skills:
 + Level 3.4 Fighting
 - Level 2.0 Axes
 - Level 1.0 Throwing
 - Level 1.0 Armour
 - Level 2.0 Dodging
 - Level 2.0 Spellcasting
 + Level 4.1 Translocations


You had 7 spell levels left.
You didn't know any spells.
Your spell library contained the following spells:

 Spells                   Type           Power      Damage    Failure   Level
 Blink                    Tloc           24%        N/A       9%          2
 Gell's Gravitas          Tloc           12%        N/A       17%         3
 Lesser Beckoning         Tloc           12%        N/A       17%         3
 Teleport Other           Tloc           12%        N/A       17%         3
 Conjure Flame            Conj/Fire      1%         6-21      67%         3
 Ignite Poison            Fire/Tmut/Pois 1%         N/A       67%         3
 Manifold Assault         Tloc           12%        N/A       85%         5
 Sticky Flame             Conj/Fire      1%         2d3       97%         4
 Dispersal                Tloc           6%         N/A       100%        6


Dungeon Overview and Level Annotations

Branches:
Dungeon (2/15)

Altars:

Shops:
D:2 ?


Message History

The giant cockroach is severely wounded.
The giant cockroach closely misses you.
You hit the giant cockroach but do no damage.
The giant cockroach is severely wounded.
You block the giant cockroach's attack.
The giant cockroach bites you but does no damage.
You hit the giant cockroach but do no damage.
Lightning courses through the giant cockroach!
You kill the giant cockroach!
You closely miss the scorpion. The scorpion stings you.
You are poisoned.
The scorpion poisons you!
You hit the scorpion but do no damage. Lightning courses through the scorpion!
The scorpion is severely wounded.
You feel very sick. The scorpion stings you.
You hit the scorpion.
Lightning courses through the scorpion!!
You kill the scorpion!
* * * LOW HITPOINT WARNING * * *
You feel sick.
Your Fighting skill increases to level 3!
Your Translocations skill increases to level 4!
You have reached level 4!
You feel stronger.
You hit the kobold but do no damage.
You feel sick. The kobold closely misses you.
You hit the kobold but do no damage.
You feel sick. The kobold closely misses you.
You hit the kobold but do no damage.
You feel sick. The kobold closely misses you.
You completely miss the kobold.
You feel sick. The kobold barely misses you.
You hit the kobold but do no damage.
You feel sick. The kobold hits you with a +0 dagger.
* * * LOW HITPOINT WARNING * * *
Unknown command.
It was a potion of flight.
You feel very buoyant.
You fly up into the air.
You die...

.. ......# #### ....
P.....# #.... .... ♣♣.....
#.....##...♣♣P...
......#....P.PP# ######
#.....#.# #..#### #.....
#.....#.# ###...## #.....
........######.#..# #.....
#.......K@.....##.###.....
#.......#########.....(...
#......K..### #.##.####.
#......#.s..# ♣.♣♣.# #.
###...>..##.# ♣..♣.# #.
....###..# .. ♣♣..♣.####.
.##. ##.. ##♣P..♣...... [
#..# ♣♣.♣♣.####. # ....
♣..♣♣..####


You could see a kobold.

Vanquished Creatures
  A scorpion (D:2)
  A dart slug (D:1)
  2 ball pythons
  An endoplasm (D:1)
  2 giant cockroaches
  4 goblins
  A hobgoblin (D:1)
  3 kobolds (D:1)
  A quokka (D:1)
  A bat (D:1)
  2 frilled lizards (D:1)
  3 rats
22 creatures vanquished.

Notes
Turn   | Place    | Note
-------+----------+-------------------------------------------
     0 | D:1      | zishaf the Human Warper began the quest for the Orb.
     0 | D:1      | Reached XP level 1. HP: 16/16 MP: 3/3
   311 | D:1      | Reached XP level 2. HP: 22/22 MP: 5/5
  1157 | D:2      | Found Pefaqurrar's Magic Scroll Boutique.
  1164 | D:2      | Reached XP level 3. HP: 27/28 MP: 6/6
  1487 | D:2      | Noticed a scorpion
  1510 | D:2      | Killed a scorpion
  1511 | D:2      | Reached skill level 4 in Translocations
  1511 | D:2      | Reached XP level 4. HP: 9/35 MP: 7/7
  1515 | D:2      | HP: 1/35 [kobold/+0 dagger (3)]
  1516 | D:2      | Succumbed to a scorpion's poison

Illustrated notes

Levels and vault maps discovered:
D:1:      doesnt_arrival_eight_statues, layout_loops_corners
D:2:      layout_rooms, serial_shops, shop_fountains, serial_forest,
          infiniplex_forest_end_2, infiniplex_forest_end_1,
          infiniplex_forest_corner_2, infiniplex_forest_clump_double,
          infiniplex_forest_clump_tiny, infiniplex_forest_zigzag_1,
          infiniplex_forest_end_1, shapermc_ecumenical_altar_hornbeckon,
          minmay_pentomino_q2

Skill      XL: |  1  2  3 |
---------------+----------+-----
Fighting       | 3 |  3.4
Translocations | 4 |  4.1
Axes           | |  2.0
Throwing       | |  1.0
Armour         | |  1.0
Dodging        | |  2.0
Spellcasting   | |  2.0

Action                   |  1- 3 |  4- 6 || total
-------------------------+-------+-------++-------
Melee: Dagger            |    72 |     5 ||    77
       Hand axe          |     2 |       ||     2
       Punch             |     2 |       ||     2
  Use: Potion            |       |     1 ||     1
Armor: Leather armour    |    14 |       ||    14
Dodge: Dodged            |    38 |     4 ||    42
Block: Other             |     5 |       ||     5

Table legend: (Time is in decaauts)
 A = Elapsed time spent in this place.
 B = Non-inter-level travel time spent in this place.
 C = Inter-level travel time spent in this place.
 D = Time resting spent in this place.
 E = Time spent auto-exploring this place.
 F = Levels seen in this place.
 G = Mean time per level.
                   A        B        C        D        E       F      G
               +--------+--------+--------+--------+--------+-----+--------+
         Total |   1515 |   1483 |     32 |      0 |   1301 |   2 |  757.5 |
       Dungeon |   1515 |   1483 |     32 |      0 |   1301 |   2 |  757.5 |
               +--------+--------+--------+--------+--------+-----+--------+

Top non-repeatable levels by time:
     D:1: 1110 daAuts
     D:2: 404 daAuts
